 Dungeon Crawl Stone Soup version 0.21.0-3-g78d12a8 (webtiles) character file.

23042 mopl the Covert (level 13, -2/63 HPs)
             Began as a Tengu Enchanter on Jan 11, 2018.
             Was a High Priest of Dithmenos.
             Slain by a crocodile (10 damage)
             ... on level 4 of the Lair of Beasts.
             The game lasted 00:44:28 (17811 turns).

mopl the Covert (Tengu Enchanter)                  Turns: 17811, Time: 00:44:28

Health: -2/63      AC:  9    Str: 10    XL:     13   Next: 4%
Magic:  11/18      EV:  2    Int: 16    God:    Dithmenos [*****.]
Gold:   847        SH:  0    Dex: 18    Spells: 2/18 levels left

rFire    . . .     SeeInvis .   a - +1 dagger (drain)
rCold    . . .     Gourm    .   (no shield)
rNeg     + + +     Faith    .   X - +0 robe {MR+}
rPois    ∞         Spirit   .   (helmet restricted)
rElec    .         Reflect  .   I - +2 cloak
rCorr    .         Harm     .   (no gloves)
MR       +....                  (boots unavailable)
Stlth    ++++++++++             w - amulet of rage
HPRegen  0.20/turn              c - ring of stealth
MPRegen  0.16/turn              u - +4 ring of protection {=R}

@: about to teleport, petrified, wreathed by umbra
A: beak, talons 3, able to fly 1
a: Fly, Shadow Step, Shadow Form, Renounce Religion, Evoke Berserk Rage


You were on level 4 of the Lair of Beasts.
You worshipped Dithmenos.
Dithmenos was extremely pleased with you.
You were hungry.

You visited 2 branches of the dungeon, and saw 14 of its levels.
You also visited: Ossuary and Ice Cave.

You collected 847 gold pieces.

Inventory:

Hand Weapons
 a - a +1 dagger of draining (weapon)
 o - a +2 dagger
 V - the +3 Elemental Staff {rElec rF++ rC++ MR++ AC+5}
   (You found it on level 10 of the Dungeon)

   It affects your AC (+5).
   It greatly protects you from fire.
   It greatly protects you from cold.
   It insulates you from electricity.
   It affects your resistance to hostile enchantments.
Missiles
 k - 8 tomahawks (quivered)
 x - a throwing net
Armour
 I - a +2 cloak (worn)
 U - a +0 troll leather armour
 X - a +0 robe of magic resistance (worn)
Jewellery
 b - an uncursed ring of positive energy
 c - a ring of stealth (left hand)
 q - a +5 ring of dexterity
 u - a +4 ring of protection (right hand) {=R}
 w - an amulet of rage (around neck)
 H - an uncursed ring of fire
Wands
 l - a wand of scattershot (3)
 n - a wand of polymorph (5)
 s - a wand of iceblast (29)
 N - a wand of disintegration (17)
 O - a wand of acid (19)
 S - a wand of paralysis (6)
Scrolls
 e - a scroll of identify
 f - 11 scrolls of remove curse
 g - 3 scrolls of amnesia {unknown}
 j - a scroll of magic mapping {unknown}
 m - 3 scrolls of teleportation
 p - 5 scrolls of fear
 y - a scroll of random uselessness {unknown}
 J - 3 scrolls of fog {unknown}
 K - 3 scrolls of enchant armour {unknown}
 M - a scroll of vulnerability {unknown}
Potions
 r - 5 potions of haste
 t - 3 potions of heal wounds
 v - a potion of lignification {!q}
 z - a potion of flight
 A - a potion of invisibility
 B - 4 potions of curing
 C - 5 potions of brilliance
 D - 2 potions of agility
 E - 3 potions of cancellation
 L - 2 potions of might
Books
 h - a book of Ice

   Spells                             Type                      Level
   a - Ice Form                       Ice/Transmutation            4
   b - Metabolic Englaciation         Hexes/Ice                    5
   c - Ozocubu's Refrigeration        Ice                          6
   d - Bolt of Cold                   Conjuration/Ice              6
   e - Freezing Cloud                 Conjuration/Ice/Air          6
   f - Simulacrum                     Ice/Necromancy               6
Miscellaneous
 W - 2 sacks of spiders
Comestibles
 d - 22 rations
 i - a chunk of flesh


   Skills:
 + Level 9.2 Short Blades
 - Level 2.1 Dodging
 * Level 13.5 Stealth
 - Level 3.0 Spellcasting
 - Level 4.0 Conjurations
 * Level 9.9 Hexes
 + Level 3.1 Transmutations
 - Level 4.0 Ice Magic
 + Level 2.9 Earth Magic
 - Level 3.0 Invocations


You had 2 spell levels left.
You knew the following spells:

 Your Spells              Type           Power        Failure   Level  Hunger
a - Apportation           Tloc           #.....       19%         1    #......
b - Ensorcelled Hibernat  Hex/Ice        ###...       1%          2    ##.....
c - Confuse               Hex            ####....     1%          3    ###....
d - Tukima's Dance        Hex            ####....     1%          3    ###....
e - Corona                Hex            ####...      1%          1    #......
g - Dazzling Spray        Conj/Hex       ###...       3%          3    ###....
p - Passwall              Tmut/Erth      ##........   8%          2    ##.....
x - Animate Skeleton      Necr           N/A          19%         1    #......


Dungeon Overview and Level Annotations

Branches:
Dungeon (11/15)            Temple (0/1) D:5            Lair (2/6) D:11
  Swamp: Lair:2-4    Shoals: Lair:2-4     Snake: Lair:2-4    Spider: Lair:2-4
    Orc: D:9-12

Altars:
Ashenzari
Dithmenos
Fedhas
Hepliaklqana
Nemelex Xobeh
Sif Muna
Xom
Zin
The Shining One

Annotations:
D:7 Rhok's ghost, novice MfGl
D:9 Leibowitz's ghost, novice DsBe
D:11 Snorg


Innate Abilities, Weirdness & Mutations

You have a beak for a mouth.
You have claws for feet.
You can fly.


Message History

Unknown command.
The helpless porcupine fails to defend itself.
You perforate the porcupine like a sieve!!!!
You kill the porcupine!
Dithmenos accepts your kill.
You are engulfed in calcifying dust.
You are slowing down.
The blink frog blinks!
As you read the scroll of teleportation, it crumbles to dust.
You feel strangely unstable.
You are engulfed in calcifying dust.
Your limbs have turned to stone.
The crocodile bites you!
* * * LOW HITPOINT WARNING * * *
The crocodile closely misses you.
You have turned to stone.
You are engulfed in calcifying dust.
The blink frog blinks!
The crocodile bites you!
* * * LOW HITPOINT WARNING * * *
The catoblepas breathes a plume of calcifying dust at you.
The blast of calcifying dust hits you!
You are engulfed in calcifying dust.
The crocodile bites you!!
You die...

...........♣♣♣ ......
.≈≈≈........P♣♣ ......
≈≈P≈≈........P♣♣♣♣......
≈≈≈≈≈≈..........♣.......
≈≈≈≈≈≈≈..≈≈≈............
≈≈≈≈≈≈≈.≈≈≈≈≈≈..F..§....
≈P♣♣≈≈≈≈≈≈≈≈≈≈≈...§.....
≈ ♣≈≈≈≈≈≈≈≈≈≈≈.t.......
♣P≈≈≈≈≈≈≈≈≈≈.@.......
♣PP≈≈≈≈≈≈≈≈≈.........
.P≈≈≈≈≈≈§Y.........
..≈≈≈§...........
........♣♣...... .....?.
...... ....PP♣ ......
...P♣♣ ......


You could see a catoblepas, a blink frog and a crocodile.

Vanquished Creatures
  2 hydras (Lair:2)
  A two-headed ogre (D:10)
  2 unseen horrors (D:11)
  2 ugly things (D:10)
  2 spiny frogs
  A rime drake (Lair:1)
  2 komodo dragons
  4 trolls
  Grinder (D:5)
  9 polar bears (IceCv)
  3 hippogriffs
  A slime creature (D:10)
  3 wyverns
  2 wraiths
  A shadow (D:10)
  A basilisk (Lair:4)
  2 hungry ghosts
  14 yaks
  A vampire mosquito (D:10)
  5 water moccasins
  4 porcupines
  3 black bears
  A phantom (D:11)
  10 orc warriors
  2 sky beasts
  2 ice beasts
  3 ogres
  42 wolves
  7 centaurs
  2 crocodiles (Lair:1)
  2 big kobolds
  8 bullfrogs
  A wyvern zombie (D:11)
  2 gnoll sergeants
  3 scorpions
  A killer bee (D:10)
  8 wights
  2 howler monkeys
  A bullfrog zombie (D:6)
  7 crimson imps
  4 jellies
  2 centaur zombies
  3 centaur skeletons
  8 hounds
  3 orc priests
  2 bullfrog skeletons
  3 iguanas
  17 orc wizards
  Crazy Yiuf (D:6)
  5 worker ants
  6 hound skeletons
  8 mummies (Ossuary)
  A worker ant zombie (D:8)
  8 gnolls
  10 adders
  3 shadow imps
  7 oozes
  A worm (D:3)
  5 dart slugs
  5 leopard geckos
  46 orcs
  5 ball pythons
  8 giant cockroaches
  2 gnoll zombies (Ossuary)
  10 goblins
  5 hobgoblins
  8 jackals
  7 quokkas
  A ball python skeleton (D:4)
  4 bats
  3 frilled lizards
  2 hobgoblin zombies (Ossuary)
  7 kobolds
  A kobold zombie (Ossuary)
  A leopard gecko skeleton (D:5)
  3 orc zombies (Ossuary)
  2 rats
387 creatures vanquished.

Vanquished Creatures (collateral kills)
  A wight (D:8)
  2 orcs
  A kobold (D:8)
4 creatures vanquished.

Vanquished Creatures (others)
  2 dancing weapons
  A wolf (IceCv)
  3 fungi
  2 plants (D:4)
8 creatures vanquished.

Grand Total: 399 creatures vanquished

Notes
Turn   | Place    | Note
-------+----------+-------------------------------------------
     0 | D:1      | mopl the Tengu Enchanter began the quest for the Orb.
     0 | D:1      | Reached XP level 1. HP: 10/10 MP: 4/4
   244 | D:1      | Reached XP level 2. HP: 15/15 MP: 6/6
   251 | D:1      | Learned a level 2 spell: Ensorcelled Hibernation
   403 | D:1      | Reached XP level 3. HP: 19/19 MP: 7/7
   408 | D:1      | Learned a level 3 spell: Confuse
   731 | D:2      | Found a shimmering altar of Xom.
   731 | D:2      | Noticed an angel
   758 | D:2      | Found a glowing silver altar of Zin.
  1062 | D:2      | Found a blossoming altar of Fedhas.
  1110 | D:2      | Reached XP level 4. HP: 23/24 MP: 3/8
  1667 | D:3      | Reached skill level 4 in Stealth
  1675 | D:2      | Reached skill level 1 in Ice Magic
  1830 | D:3      | Reached skill level 2 in Short Blades
  1830 | D:3      | Gained mutation: You can fly. [Tengu growth]
  1830 | D:3      | Reached XP level 5. HP: 24/28 MP: 7/9
  1837 | D:3      | Learned a level 3 spell: Tukima's Dance
  2164 | D:3      | Reached skill level 3 in Hexes
  2189 | D:3      | Found a deep blue altar of Sif Muna.
  2420 | D:4      | Reached XP level 6. HP: 27/32 MP: 6/11
  2486 | D:4      | Found a shadowy altar of Dithmenos.
  2496 | D:4      | Became a worshipper of Dithmenos the Shadowed
  2560 | D:4      | Found a shattered altar of Ashenzari.
  2564 | D:4      | Saw a vision of the Swamp and the Spider Nest.
  2564 | D:4      | Noticed a wolf spider
  2564 | D:4      | Noticed a redback
  2564 | D:4      | Noticed a wolf spider
  2564 | D:4      | Noticed a hornet
  2564 | D:4      | Noticed an alligator
  2564 | D:4      | Noticed an alligator
  2564 | D:4      | Noticed an alligator
  2565 | D:4      | Noticed a redback
  2565 | D:4      | Noticed a water moccasin
  2567 | D:4      | Noticed a redback
  2603 | D:4      | Found a hazy altar of Hepliaklqana.
  2668 | D:4      | Found a glowing golden altar of the Shining One.
  2696 | D:4      | Noticed an orc warrior
  2708 | D:4      | Killed an orc warrior
  2708 | D:4      | Reached skill level 3 in Spellcasting
  2723 | D:4      | Learned a level 2 spell: Passwall
  2818 | D:5      | Entered Level 5 of the Dungeon
  2897 | D:5      | Reached skill level 5 in Stealth
  2930 | D:5      | Reached skill level 3 in Short Blades
  2930 | D:5      | Reached XP level 7. HP: 36/36 MP: 12/12
  2939 | D:5      | Reached skill level 2 in Ice Magic
  2982 | D:5      | Found a sand-covered staircase.
  2986 | Ossuary  | Entered an ossuary
  3106 | Ossuary  | Reached * piety under Dithmenos
  4015 | D:5      | Found a staircase to the Ecumenical Temple.
  4287 | D:5      | Noticed Grinder
  4297 | D:5      | Killed Grinder
  4297 | D:5      | Reached skill level 6 in Stealth
  4297 | D:5      | Reached skill level 4 in Hexes
  4324 | D:5      | Reached XP level 8. HP: 29/41 MP: 13/13
  4529 | D:5      | Reached skill level 3 in Ice Magic
  4789 | D:6      | Reached skill level 7 in Stealth
  4789 | D:6      | Reached skill level 1 in Invocations
  4830 | D:6      | Reached skill level 5 in Hexes
  5624 | D:6      | Reached skill level 4 in Short Blades
  5624 | D:6      | Reached skill level 2 in Invocations
  5624 | D:6      | Reached XP level 9. HP: 10/45 MP: 0/14
  5874 | D:6      | Found a runed door.
  5878 | D:6      | Noticed Crazy Yiuf
  5883 | D:6      | Killed Crazy Yiuf
  6217 | D:6      | Learned a level 3 spell: Dazzling Spray
  6392 | D:6      | Reached skill level 8 in Stealth
  6392 | D:6      | Reached skill level 1 in Conjurations
  6486 | D:7      | Noticed Rhok's ghost (novice MfGl)
  7232 | D:8      | Reached ** piety under Dithmenos
  7232 | D:8      | Reached skill level 2 in Conjurations
  7787 | D:8      | Reached skill level 6 in Hexes
  7787 | D:8      | Reached skill level 3 in Invocations
  7954 | D:8      | Reached skill level 5 in Short Blades
  7954 | D:8      | Reached skill level 3 in Conjurations
  8180 | D:9      | Found a glowing golden altar of the Shining One.
  8217 | D:9      | Noticed a troll
  8234 | D:8      | Reached skill level 9 in Stealth
  8360 | D:9      | Found a burning altar of Makhleb.
  8362 | D:9      | Found a hide-covered altar of Uskayaw.
  8362 | D:9      | Found a shadowy altar of Dithmenos.
  8385 | D:9      | Reached *** piety under Dithmenos
  8385 | D:9      | Reached XP level 10. HP: 36/50 MP: 15/15
  8423 | D:9      | Reached skill level 1 in Earth Magic
  8425 | D:9      | Reached skill level 1 in Transmutations
  8502 | D:9      | Noticed Leibowitz's ghost (novice DsBe)
  8644 | D:9      | Found a blossoming altar of Fedhas.
  8644 | D:9      | Found a shimmering altar of Xom.
  8644 | D:9      | Found a glowing golden altar of the Shining One.
  9371 | D:9      | Found a sparkling altar of Nemelex Xobeh.
  9481 | D:10     | Entered Level 10 of the Dungeon
  9724 | D:10     | Reached skill level 2 in Transmutations
  9875 | D:10     | Noticed a purple ugly thing
  9879 | D:10     | Reached **** piety under Dithmenos
  9879 | D:10     | Reached skill level 2 in Earth Magic
  9905 | D:10     | Found a runed door.
  9905 | D:10     | Noticed a two-headed ogre
 10097 | D:10     | Killed a two-headed ogre
 10097 | D:10     | Reached skill level 6 in Short Blades
 10097 | D:10     | Reached skill level 10 in Stealth
 10097 | D:10     | Reached skill level 7 in Hexes
 10536 | D:10     | Found a runed door.
 10664 | D:10     | Killed a purple ugly thing
 10699 | D:10     | Noticed a purple ugly thing
 10951 | D:10     | Killed a purple ugly thing
 10951 | D:10     | Reached XP level 11. HP: 46/54 MP: 6/16
 11233 | D:10     | Got an uncursed fine spear {pierce}
 11300 | D:10     | Reached skill level 11 in Stealth
 11441 | D:10     | Reached skill level 7 in Short Blades
 11707 | D:10     | HP: 1/54 [something (10)]
 12065 | D:10     | Reached skill level 8 in Hexes
 12074 | D:10     | Found the +3 Elemental Staff {rElec rF++ rC++ MR++ AC+5}
 13080 | D:11     | Killed an unseen horror
 13137 | D:11     | Found a staircase to the Lair.
 13503 | D:11     | Killed an unseen horror
 13946 | D:11     | Noticed Snorg
 13974 | D:11     | Reached skill level 12 in Stealth
 14180 | Lair:1   | Entered Level 1 of the Lair of Beasts
 14210 | Lair:1   | Found a dark tunnel.
 14262 | Lair:1   | Reached skill level 8 in Short Blades
 14512 | Lair:1   | Reached skill level 9 in Hexes
 14545 | Lair:1   | Reached XP level 12. HP: 59/59 MP: 14/17
 14550 | Lair:1   | Reached ***** piety under Dithmenos
 15740 | Lair:1   | Learned a level 1 spell: Apportation
 15742 | Lair:1   | Learned a level 1 spell: Animate Skeleton
 15797 | Lair:2   | Noticed a five-headed hydra
 15868 | Lair:2   | Found a frozen archway.
 15879 | IceCv    | Entered an ice cave
 16213 | IceCv    | Reached skill level 13 in Stealth
 16512 | IceCv    | Noticed a death yak
 17173 | IceCv    | Reached skill level 9 in Short Blades
 17196 | IceCv    | Reached skill level 4 in Conjurations
 17585 | Lair:2   | Noticed an eight-headed hydra
 17630 | Lair:2   | Killed an eight-headed hydra
 17630 | Lair:2   | Reached skill level 3 in Transmutations
 17721 | Lair:2   | Killed a five-headed hydra
 17721 | Lair:2   | Reached skill level 4 in Ice Magic
 17721 | Lair:2   | Reached XP level 13. HP: 63/63 MP: 9/18
 17789 | Lair:2   | You fall through a shaft for 2 floors!
 17811 | Lair:4   | Slain by a crocodile

Skill      XL: |  1  2  3  4  5  6  7  8  9 10 11 12 |
---------------+-------------------------------------+-----
Stealth        | 4 5 6 7 9 10 12 13 | 13.5
Ice Magic      | 1 2 3 4 |  4.0
Short Blades   | 2 3 4 5 6 8 9 |  9.2
Hexes          | 3 4 5 6 7 9 |  9.9
Spellcasting   | 3 |  3.0
Invocations    | 2 3 |  3.0
Conjurations   | 3 4 |  4.0
Earth Magic    | 2 |  2.9
Transmutations | 2 3 |  3.1
Dodging        | |  2.1

Action                   |  1- 3 |  4- 6 |  7- 9 | 10-12 | 13-15 || total
-------------------------+-------+-------+-------+-------+-------++-------
Melee: Dagger            |    55 |   111 |   344 |   523 |     3 ||  1036
       Peck              |     6 |    12 |    53 |    77 |       ||   148
       Kick              |    10 |    25 |   107 |   139 |       ||   281
Throw: Javelin           |       |       |    11 |       |       ||    11
       Tomahawk          |       |       |     5 |       |       ||     5
 Cast: Corona            |     1 |       |       |     2 |       ||     3
       Ensorcelled Hiber |     8 |    18 |    58 |   185 |     4 ||   273
       Confuse           |       |     2 |    14 |    52 |       ||    68
       Tukima's Dance    |       |     1 |     4 |     5 |       ||    10
       Passwall          |       |       |     1 |     4 |       ||     5
       Dazzling Spray    |       |       |       |     9 |       ||     9
Invok: Shadow Step       |       |       |       |     1 |       ||     1
 Abil: Fly               |       |       |       |     4 |       ||     4
Evoke: Wand              |       |       |       |    14 |       ||    14
  Use: Scroll            |     2 |     5 |     4 |     9 |     1 ||    21
       Potion            |       |       |     2 |     7 |       ||     9
 Stab: Sleeping          |    15 |    19 |    48 |   125 |     3 ||   210
       Confused          |       |     1 |     7 |    23 |       ||    31
       Distracted        |       |       |     3 |       |       ||     3
  Eat: Chunk             |     1 |     7 |    16 |    43 |       ||    67
       Ration            |       |       |     2 |     2 |       ||     4
Armor: Robe              |     6 |    13 |    66 |   124 |     2 ||   211
Dodge: Dodged            |    20 |    65 |   218 |   356 |     4 ||   663
